 Dungeon Crawl Stone Soup version 0.16.1-2-g95b8d4c (webtiles) character file.

10353 Riddley the Geomancer (level 11, -1/94 HPs)
             Began as a Deep Dwarf Earth Elementalist on Mar 25, 2015.
             Was a Priest of Ru.
             Slain by a blink frog (18 damage)
             ... on level 3 of the Lair of Beasts.
             The game lasted 01:38:25 (16428 turns).

Riddley the Geomancer (DDEE)                       Turns: 16428, Time: 01:38:28

Health: -1/94      AC: 15    Str: 13    XL:     11   Next: 35%
Magic:  22/31      EV: 12    Int: 20    God:    Ru [***...]
Gold:   686        SH:  0    Dex:  6    Spells: 8 memorised, 9 levels left

rFire  . . .     SeeInvis .     b - 63 stones
rCold  + . .     Clarity  .     c - +0 robe
rNeg   + . .     SustAb   +     (no shield)
rPois  .         Gourm    .     B - +1 hat
rElec  .         Spirit   .     e - +1 cloak
rCorr  .         Warding  .     y - +2 pair of gloves
rMut   .         Stasis   .     q - +0 pair of boots
MR     +....                    i - amulet of faith
Stlth  ++........               j - ring of Soipewasou {SustAb rN+ MP+9 Dex-3}
                                v - +5 ring of protection

@: no potions, very slightly contaminated, non-regenerating, somewhat resistant
to hostile enchantments, unstealthy
A: damage resistance, recharge devices, yellow scales 1, clever 1, clumsy 2,
cold resistance 1, deformed body, low mp 1, sense surroundings 2, robust 1,
screaming 1, slow healing 3, inability to drink while threatened, inability to
train armour
a: Device Recharging, Draw Out Power, Renounce Religion


You were on level 3 of the Lair of Beasts.
You worshipped Ru.
Ru was most pleased with you.
You were not hungry.

You visited 3 branches of the dungeon, and saw 14 of its levels.
You also visited: Sewer.

You collected 686 gold pieces.

Inventory:

Hand weapons
 t - a +3 dagger of venom
 C - a +0 arbalest
 F - a +2 blowgun of evasion
 G - a +0 long sword of holy wrath
 M - a +0 long sword of freezing
Missiles
 b - 63 stones (in hand)
 h - 7 javelins
Armour
 c - a +0 robe (worn)
 e - a +1 cloak (worn)
 m - the +1 scale mail of Disaster {rN++}
   (You found it on level 4 of the Dungeon)

   It greatly protects you from negative energy.
 n - a +1 pair of gloves
 q - a +0 pair of boots (worn)
 x - a +1 leather armour of fire resistance
 y - a +2 pair of gloves (worn)
 B - a +1 hat (worn)
 N - the +3 ring mail of Space {rF+ rN+}
   (You found it on level 2 of the Lair of Beasts)

   It protects you from fire.
   It protects you from negative energy.
Jewellery
 i - an amulet of faith (around neck)
 j - the ring of Soipewasou (right hand) {SustAb rN+ MP+9 Dex-3}
   (You found it on level 8 of the Dungeon)

   [ring of sustain abilities]

   It sustains your strength, intelligence and dexterity.
   It affects your dexterity (-3).
   It protects you from negative energy.
   It affects your magic capacity (+9).
 s - an uncursed amulet of rage
 v - a +5 ring of protection (left hand)
 E - a +5 ring of strength
 J - an uncursed ring of protection from magic
Magical devices
 a - a wand of heal wounds (3)
 u - a wand of slowing (28)
Scrolls
 g - 5 scrolls of teleportation
 o - 5 scrolls of remove curse
 p - 3 scrolls of identify
 r - 4 scrolls of magic mapping
 w - a scroll of fog
 H - a scroll of amnesia
 S - a scroll of blinking
Potions
 A - 2 potions of curing
 D - 5 potions of flight
 I - 2 potions of resistance
 O - a potion of brilliance
 Q - a potion of magic
Books
 d - a book of Geomancy

   Spells                             Type                      Level
   a - Sandblast                      Earth                        1
   b - Stoneskin                      Transmutation/Earth          2
   c - Passwall                       Transmutation/Earth          3
   d - Stone Arrow                    Conjuration/Earth            3
   e - Petrify                        Transmutation/Earth          4
   f - Lee's Rapid Deconstruction     Earth                        5
 k - a book of Clouds

   Spells                             Type                      Level
   a - Mephitic Cloud                 Conjuration/Poison/Air       3
   b - Conjure Flame                  Conjuration/Fire             3
   c - Poisonous Cloud                Conjuration/Poison/Air       6
   d - Freezing Cloud                 Conjuration/Ice/Air          6
   e - Ring of Flames                 Charms/Fire                  7
Comestibles
 f - 4 bread rations
 l - 7 beef jerkies
 z - 2 meat rations
 K - 9 royal jellies
 L - 3 chunks of flesh


   Skills:
 + Level 1.8 Fighting
 + Level 0.3 Short Blades
 + Level 4.3 Dodging
 + Level 3.3 Stealth
 + Level 0.3 Unarmed Combat
 * Level 11.7 Spellcasting
 + Level 1.7 Conjurations
 + Level 2.0 Transmutations
 + Level 0.5 Air Magic
 + Level 12.7 Earth Magic
 + Level 0.2 Poison Magic
 + Level 0.4 Evocations


You had 9 spell levels left.
You knew the following spells:

 Your Spells              Type           Power        Failure   Level  Hunger
a - Sandblast             Erth           ######       1%          1    None
b - Stoneskin             Trmt/Erth      #####...     1%          2    None
c - Stone Arrow           Conj/Erth      #####.       1%          3    None
d - Petrify               Trmt/Erth      #####...     3%          4    #......
e - Lee's Rapid Deconstr  Erth           ######....   1%          5    ####...
f - Mephitic Cloud        Conj/Pois/Air  ###.....     14%         3    None
g - Passwall              Trmt/Erth      #####.....   1%          3    None
h - Conjure Flame         Conj/Fire      ###.....     14%         3    None


Dungeon Overview and Level Annotations

Branches:
Dungeon (10/15)            Temple (1/1) D:4            Lair (3/8) D:8
  Swamp: Lair:3-6    Shoals: Lair:3-6     Snake: Lair:3-6    Spider: Lair:3-6
    Orc: D:9-12

Altars:
Ashenzari
Cheibriados
Dithmenos
Elyvilon
Fedhas
Gozag
Kikubaaqudgha
Makhleb
Nemelex Xobeh
Okawaru
Qazlal
Ru
Sif Muna
Trog
Vehumet
Xom
Yredelemnul
Zin
The Shining One

Shops:
D:4 :   D:7 }   D:8 }

Annotations:
D:4 Pikel


Innate Abilities, Weirdness & Mutations

You are resistant to damage.
You can recharge devices by infusing magical energy.
You are very clumsy. (Dex -4)
You passively map the area around you.
You do not heal naturally.
You cannot drink potions while threatened.
You cannot train Armour skill.
You are partially covered in yellow scales (AC +2).
Your mind is acute. (Int +2)
Your flesh is cold resistant.
Your body is misshapen.
Your magical capacity is low (-10% MP).
You are robust (+10% HP).
You occasionally shout uncontrollably at your foes.


Message History

Press: ? - help, Shift-Dir - straight line, f/p - blink frog
Aim: a blink frog (almost dead)
The rocky blast hits the blink frog.
You kill the blink frog!
The blink frog hits you!
You feel threatened and lose the ability to drink potions!
* * * LOW HITPOINT WARNING * * *
The blink frog blinks!
The blink frog hits you.
Casting: Sandblast
Confirm with . or Enter, or press ? or * to list all spells.
Aiming: Sandblast
Press: ? - help, Shift-Dir - straight line, f - blink frog
Aim: a blink frog The rocky blast hits the blink frog.
The blink frog is heavily wounded.
The blink frog hits you.
* * * LOW HITPOINT WARNING * * *
The blink frog hits you but does no damage.
The blink frog closely misses you. The blink frog hits you!!
You die...

.# * * ,......## ..#.*
, ...ยง.. #..#* #P.P##
##.#### * #....#
#P+P#.# #...#* .....##
#####..###
......#######.P#...#.#
.....'..##.......F...#
.....##.........@F...##
.....P##.#............#
.....P####...........##
.....## #..#####.#.##
#.#### #### ###.# ###
###


You could see 2 blink frogs.

Vanquished Creatures
  Gastronok (D:9)
  An elephant (D:8)
  2 spiny frogs (Lair:2)
  A black mamba (Lair:3)
  3 komodo dragons
  A fire drake (Lair:2)
  A two-headed ogre (D:9)
  Prince Ribbit (D:5)
  2 blink frogs (Lair:3)
  A yak (D:8)
  A hungry ghost (D:9)
  A hippogriff (D:7)
  A soldier ant (D:7)
  3 wolves (Lair:2)
  Menkaure (D:5)
  6 water moccasins
  4 slaves
  3 porcupines
  A spider (D:8)
  2 wasps
  A necrophage (D:5)
  An ice beast (D:5)
  3 phantoms
  2 sky beasts (D:9)
  A black bear (D:8)
  2 orc warriors (D:9)
  5 ogres
  2 centaurs
  Sigmund (D:5)
  3 crocodiles
  8 giant frogs
  A big kobold (D:7)
  A water moccasin zombie (D:9)
  4 crimson imps
  5 goliath beetles
  A centaur zombie (D:9)
  A giant frog zombie (D:6)
  2 centaur skeletons
  4 orc priests
  10 orc wizards
  2 hounds
  A jelly (D:8)
  6 iguanas
  8 worker ants
  A killer bee zombie (D:8)
  A merfolk avatar (Sewer)
  2 sirens (Sewer)
  21 sheep
  Jessica (D:2)
  2 hound zombies
  A hound skeleton (D:4)
  A worker ant zombie (D:9)
  20 adders
  4 gnolls (D:3)
  7 river rats
  4 giant mites
  A worm (D:2)
  An adder zombie (D:9)
  2 adder skeletons
  3 giant geckos
  3 oozes
  42 orcs
  12 bats
  A bat zombie (D:7)
  18 hobgoblins
  17 kobolds
  7 quokkas
  5 ball pythons
  8 giant cockroaches
  5 giant newts
  14 goblins
  10 jackals
  34 rats
  2 ballistomycetes (D:8)
362 creatures vanquished.

Vanquished Creatures (others)
  A centaur (D:9)
  An orc priest (D:9)
  5 drowned souls (Sewer)
  An orc (D:9)
  2 giant spores
  2 fungi (Lair:3)
  2 plants (Lair:1)
14 creatures vanquished.

Grand Total: 376 creatures vanquished

Notes
Turn   | Place    | Note
--------------------------------------------------------------
     0 | D:1      | Riddley, the Deep Dwarf Earth Elementalist, began the quest for the Orb.
     0 | D:1      | Reached XP level 1. HP: 15/15 MP: 2/2
   510 | D:1      | Reached XP level 2. HP: 20/22 MP: 1/3
   702 | D:1      | Learned a level 2 spell: Stoneskin
  1075 | D:2      | Found a sacrificial altar of Ru.
  1204 | D:2      | Found a snail-covered altar of Cheibriados.
  1305 | D:2      | Became a worshipper of Ru the Awakened
  1355 | D:2      | Reached skill level 1 in Fighting
  1407 | D:2      | Reached XP level 3. HP: 19/31 MP: 1/6
  1486 | D:2      | Learned a level 3 spell: Stone Arrow
  1785 | D:2      | Noticed Jessica
  1800 | D:2      | Killed Jessica
  1800 | D:2      | Reached skill level 1 in Transmutations
  2140 | D:2      | Reached XP level 4. HP: 22/38 MP: 5/8
  2322 | D:3      | Found a stormy altar of Qazlal.
  2368 | D:3      | Reached skill level 5 in Earth Magic
  2369 | D:3      | Found a shattered altar of Ashenzari.
  2508 | D:3      | Found a glowing drain.
  2533 | Sewer    | Entered a sewer
  2587 | Sewer    | Reached XP level 5. HP: 16/44 MP: 2/11
  3401 | Sewer    | Noticed a drowned soul
  3403 | Sewer    | Noticed a drowned soul
  3405 | Sewer    | Noticed a drowned soul
  3405 | Sewer    | Killed a drowned soul
  3406 | Sewer    | Killed a drowned soul
  3408 | Sewer    | Noticed a drowned soul
  3408 | Sewer    | Killed a drowned soul
  3409 | Sewer    | Noticed a drowned soul
  3409 | Sewer    | Noticed a drowned soul
  3411 | Sewer    | Noticed a drowned soul
  3412 | Sewer    | Killed a drowned soul
  3413 | Sewer    | Noticed a drowned soul
  3413 | Sewer    | Killed a drowned soul
  3415 | Sewer    | Reached XP level 6. HP: 27/51 MP: 2/13
  3620 | Sewer    | Reached skill level 1 in Armour
  4166 | D:3      | Learned a level 4 spell: Petrify
  4180 | D:3      | Reached skill level 6 in Earth Magic
  4213 | D:3      | Found an ancient bone altar of Kikubaaqudgha.
  4215 | D:3      | Found an opulent altar of Gozag.
  4215 | D:3      | Found a sparkling altar of Nemelex Xobeh.
  4215 | D:3      | Found a deep blue altar of Sif Muna.
  4217 | D:3      | Found a blossoming altar of Fedhas.
  4510 | D:4      | Found Wef Duir's Book Boutique.
  4585 | D:4      | Found a staircase to the Ecumenical Temple.
  4592 | Temple   | Entered the Ecumenical Temple
  4666 | Temple   | Gained mutation: You are robust (+10% HP). [potion of mutation]
  4666 | Temple   | Gained mutation: You occasionally shout uncontrollably at your foes. [potion of mutation]
  4666 | Temple   | Gained mutation: Your magical capacity is low (-10% MP). [potion of mutation]
  4892 | D:4      | Reached XP level 7. HP: 39/62 MP: 5/15
  5022 | D:4      | Learned a level 3 spell: Conjure Flame
  5046 | D:4      | Got a fine scale mail
  5047 | D:4      | Identified the +1 scale mail of Disaster {rN++} (You found it on level 4 of the Dungeon)
  5346 | D:4      | Reached skill level 5 in Spellcasting
  5642 | D:5      | Entered Level 5 of the Dungeon
  5761 | D:5      | Learned a level 5 spell: Lee's Rapid Deconstruction
  5894 | D:5      | Gained mutation: You are clumsy. (Dex -2) [Ru sacrifice]
  5957 | D:5      | Reached skill level 7 in Earth Magic
  6057 | D:5      | Noticed Prince Ribbit
  6078 | D:5      | Killed Prince Ribbit
  6078 | D:5      | Reached XP level 8. HP: 33/70 MP: 1/18
  6250 | D:5      | Noticed Menkaure
  6441 | D:5      | Killed Menkaure
  6562 | D:5      | Learned a level 3 spell: Mephitic Cloud
  6572 | D:5      | Reached skill level 8 in Earth Magic
  6760 | D:5      | Noticed Pikel
  7139 | D:5      | Noticed Sigmund
  7146 | D:5      | Killed Sigmund
  8476 | D:7      | Reached skill level 9 in Earth Magic
  8781 | D:7      | Gained mutation: You passively map the area around you. [level up]
  8781 | D:7      | Reached XP level 9. HP: 42/77 MP: 7/20
  9012 | D:7      | Found Fetycum's Gadget Emporium.
  9182 | D:7      | Found a shimmering altar of Xom.
  9396 | D:7      | Gained mutation: You cannot drink potions while threatened. [Ru sacrifice]
  9396 | D:7      | Acquired Ru's first power
  9396 | D:7      | Acquired Ru's second power
  9939 | D:8      | Got a flickering bronze ring
  9958 | D:8      | Identified the ring of Soipewasou {SustAb rN+ MP+9 Dex-3} (You found it on level 8 of the Dungeon)
 10036 | D:8      | Reached skill level 10 in Earth Magic
 10219 | D:8      | Found Eqeq's Gadget Shoppe.
 10286 | D:8      | Found a staircase to the Lair.
 10380 | D:8      | Noticed an elephant
 10552 | D:8      | Killed an elephant
 10552 | D:8      | Reached skill level 1 in Conjurations
 10721 | D:8      | Reached XP level 10. HP: 35/88 MP: 22/22
 10934 | D:8      | Found a glowing golden altar of the Shining One.
 10981 | D:8      | Gained mutation: You are very clumsy. (Dex -4) [potion of mutation]
 10981 | D:8      | Gained mutation: Your body is misshapen. [potion of mutation]
 10981 | D:8      | Gained mutation: Your flesh is cold resistant. [potion of mutation]
 11413 | D:9      | Found a shadowy altar of Dithmenos.
 11775 | D:9      | Noticed Gastronok
 12239 | D:9      | Killed Gastronok
 12239 | D:9      | Reached skill level 10 in Spellcasting
 12239 | D:9      | Reached skill level 11 in Earth Magic
 13548 | D:10     | Entered Level 10 of the Dungeon
 13624 | Lair:1   | Entered Level 1 of the Lair of Beasts
 14717 | Lair:1   | Learned a level 3 spell: Passwall
 14784 | Lair:2   | Reached skill level 12 in Earth Magic
 14794 | Lair:2   | Gained mutation: You cannot train Armour skill. [Ru sacrifice]
 14794 | Lair:2   | Acquired Ru's third power
 14879 | Lair:2   | Got a polished ring mail
 14881 | Lair:2   | Identified the +3 ring mail of Space {rF+ rN+} (You found it on level 2 of the Lair of Beasts)
 14917 | Lair:2   | Reached XP level 11. HP: 84/94 MP: 21/21
 16188 | Lair:3   | Learned a level 3 spell: Conjure Flame
 16347 | Lair:3   | Gained mutation: You are partially covered in yellow scales (AC +2). [potion of mutation]
 16347 | Lair:3   | Gained mutation: Your mind is acute. (Int +2) [potion of mutation]
 16428 | Lair:3   | Slain by a blink frog

Action                   |  1- 3 |  4- 6 |  7- 9 | 10-12 || total
-------------------------+-------+-------+-------+-------++-------
Melee: Unarmed           |    51 |       |       |       ||    51
       Dagger            |    27 |    78 |    23 |     7 ||   135
 Cast: Sandblast         |    46 |   111 |   209 |   148 ||   514
       Stoneskin         |     1 |     4 |     2 |     2 ||     9
       Stone Arrow       |       |    24 |    37 |    87 ||   148
       Lee's Rapid Decon |       |       |    25 |    34 ||    59
       Petrify           |       |       |    20 |     9 ||    29
       Conjure Flame     |       |       |     2 |       ||     2
       Mephitic Cloud    |       |       |     7 |     3 ||    10
       Passwall          |       |       |       |     6 ||     6
Invok: Reject Sacrifices |       |     1 |       |       ||     1
       Sacrifice Purity  |       |       |     1 |       ||     1
       Sacrifice Drink   |       |       |     1 |       ||     1
       Draw Out Power    |       |       |       |     2 ||     2
       Sacrifice Durabil |       |       |       |     1 ||     1
 Abil: Device Recharging |       |       |     3 |     3 ||     6
Evoke: Wand              |       |     2 |     8 |    11 ||    21
  Use: Scroll            |     6 |     2 |    12 |     8 ||    28
       Potion            |       |     7 |     6 |     5 ||    18
 Stab: Sleeping          |       |     1 |       |     1 ||     2
  Eat: Chunk             |     4 |    10 |    19 |    16 ||    49
       Fruit             |       |     1 |     1 |     5 ||     7
       Meat ration       |       |     1 |       |     1 ||     2
       Bread ration      |       |       |     1 |       ||     1
       Beef jerky        |       |       |     1 |       ||     1
       Pizza             |       |       |       |     1 ||     1
